 Dungeon Crawl Stone Soup version 0.29.1-12-g30fa7ad0bf (webtiles) character file.

Game seed: 10353730081982369813

71 Radix the Digger (level 4, -11/24 HPs)
             Began as a Gargoyle Earth Elementalist on Dec 14, 2022.
             Killed by divine providence
             ... invoked by an orc priest
              (12 damage)
             ... on level 3 of the Dungeon.
             The game lasted 00:10:46 (1798 turns).

Radix the Digger (Gargoyle Earth Elementalist)      Turns: 1798, Time: 00:10:48

Health: -11/24     AC:  5    Str: 11    XL:     4   Next: 24%
Magic:  6/8        EV: 11    Int: 18    God:
Gold:   30         SH:  0    Dex: 10    Spells: 8/9 levels left

rFire   . . .      SeeInvis .   e - +0 spear
rCold   . . .      Faith    .   (no shield)
rNeg    + . .      Spirit   .   a - +0 robe
rPois   ∞          Reflect  .   (no helmet)
rElec   +          Harm     .   (no cloak)
rCorr   .          Rampage  .   (no gloves)
Will    .....                   (no boots)
Stlth   ++........              (no amulet)
HPRegen 0.08/turn               (no ring)
MPRegen 0.11/turn               (no ring)

@: no status effects
A: sickness immunity, AC +3, negative energy resistance 1, electricity
resistance, torment resistance 1, petrification resistance
a: no special abilities


You were on level 3 of the Dungeon.
You visited 1 branch of the dungeon, and saw 3 of its levels.

You collected 30 gold pieces.

Inventory:

Hand Weapons
 c - a +0 dagger
 e - a +0 spear (weapon)
Missiles
 g - 2 poisoned darts
Armour
 a - a +0 robe (worn)
Wands
 i - a wand of iceblast (13)
Scrolls
 d - 6 scrolls of identify {unknown}
 f - 2 scrolls of poison {unknown}
 h - a scroll of acquirement {unknown}
 o - a scroll of teleportation {unknown}
Potions
 b - 3 potions of magic
 j - a potion of ambrosia {unknown}
 k - a potion of cancellation {unknown}
 l - a potion of curing {unknown}
 m - a potion of flight {unknown}
 n - a potion of degeneration {unknown}


   Skills:
 - Level 1.5 Dodging
 - Level 2.1 Stealth
 + Level 3.1 Spellcasting
 - Level 0.7 Transmutations
 + Level 4.9 Earth Magic


You had 8 spell levels left.
You knew the following spells:

 Your Spells              Type           Power      Damage    Failure   Level
a - Sandblast             Erth           40%        2d10      1%          1

Your spell library contained the following spells:

 Spells                   Type           Power      Damage    Failure   Level
 Passwall                 Tmut/Erth      10%        N/A       8%          2
 Stone Arrow              Conj/Erth      22%        3d8       17%         3
 Petrify                  Tmut/Erth      13%        N/A       45%         4


Dungeon Overview and Level Annotations

Branches:
Dungeon (3/15)

Altars:

Shops:
D:2 *


Innate Abilities, Weirdness & Mutations

You are immune to sickness and miasma.
Your stone body is resilient. (AC +3)
You are immune to poison.
You resist negative energy. (rN+)
You are resistant to electric shocks. (rElec)
You are resistant to unholy torment.
You are immune to petrification.


Message History

Partly explored, can't reach some places.
You see here a giant cockroach corpse.
There is an entrance to Nyr Poda's General Store here.
There is a stone staircase leading down here.
You climb downwards.
There is a stone staircase leading up here.
A goblin, an orc and 2 orc priests come into view.
The goblin is wielding a +0 dagger of freezing.
The goblin shouts!
The orc priest shouts! x2
An orc comes into view. It is wielding a +0 falchion.
Aiming: Sandblast (safe; 1% risk of failure)
Press: ? - help, Q - select action, (/) - cycle Shift-Dir - straight line, f - goblin
Aim: a goblin, wielding a +0 dagger of freezing (79% to hit)
The blast of sand hits the goblin!
You kill the goblin!
The orc priest invokes the aid of Beogh against you.
You barely resist.
Aiming: Sandblast (safe; 1% risk of failure)
Press: ? - help, Q - select action, (/) - cycle Shift-Dir - straight line, f - orc priest
Aim: an orc priest, wielding a +0 club and wearing a +0 ring mail (85% to hit)
The blast of sand hits the orc priest but does no damage.
The orc priest mumbles some strange prayers to Beogh against you.
Beogh smites you!
The orc shouts!
You hear a shout! x2
Aiming: Sandblast (safe; 1% risk of failure)
Press: ? - help, Q - select action, (/) - cycle Shift-Dir - straight line, f/p - orc priest
Aim: an orc priest, wielding a +0 club and wearing a +0 ring mail (85% to hit)
The blast of sand hits the orc priest but does no damage.
The orc priest looks satisfied for a moment.
The orc priest looks braver for a moment.
The orc priest mumbles some strange prayers to Beogh against you.
Beogh smites you!
* * * LOW HITPOINT WARNING * * *
The orc priest mumbles some strange prayers to Beogh against you.
Pain shoots through your body!
* * * LOW HITPOINT WARNING * * *
The orc priest calls down the wrath of Beogh upon you.
Beogh smites you!
Ouch! That really hurt!
You die...

#o# #o# #.#
#.#####.#######
#.........o.o.#
########.####.#
#.# #o# #.# #.#
#.# #@# #.# #<#
#.# ### #.# #.#


You could see 2 orc priests.

Vanquished Creatures
  2 adders (D:2)
  2 dart slugs
  3 endoplasms
  3 giant cockroaches
  5 goblins
  8 hobgoblins
  4 quokkas (D:2)
  5 ball pythons
  A bat (D:2)
  A frilled lizard (D:1)
  3 kobolds
  8 rats
45 creatures vanquished.

Vanquished Creatures (others)
  8 demonic plants (D:2)
  10 fungi (D:2)
  7 plants (D:2)
  6 withered plants (D:2)
31 creatures vanquished.

Grand Total: 76 creatures vanquished

Notes
Turn   | Place    | Note
-------+----------+-------------------------------------------
     0 | D:1      | Radix the Gargoyle Earth Elementalist began the quest for
                  | the Orb.
     0 | D:1      | Reached XP level 1. HP: 10/10 MP: 3/3
   216 | D:1      | Reached XP level 2. HP: 15/15 MP: 1/5
   286 | D:1      | Reached skill level 4 in Earth Magic
  1050 | D:2      | Found Nyr Poda's General Store.
  1059 | D:2      | Reached XP level 3. HP: 19/19 MP: 3/6
  1324 | D:2      | Reached XP level 4. HP: 24/24 MP: 8/8
  1405 | D:2      | Found a faded altar of an unknown god.
  1798 | D:3      | HP: 1/24 [orc priest/nerve-wracking pain (4)]
  1798 | D:3      | Killed from afar by an orc priest

Illustrated notes

Levels and vault maps discovered:
D:1:      saegor_arrival_simple_b, layout_rooms
D:2:      layout_rooms, serial_shops, shop, shapermc_ecumenical_altar_gd
D:3:      layout_basic, nicolae_elevator_lobby_asterisk

Skill      XL: |  1  2  3 |
---------------+----------+-----
Earth Magic    | 4 |  4.9
Spellcasting   | 3 |  3.1
Dodging        | |  1.5
Stealth        | |  2.1
Transmutations | |  0.7

Action                   |  1- 3 |  4- 6 || total
-------------------------+-------+-------++-------
Melee: Dagger            |    11 |       ||    11
       Spear             |    24 |    22 ||    46
 Cast: Sandblast         |    32 |     9 ||    41
Armor: Robe              |    21 |     9 ||    30
Dodge: Dodged            |    16 |     9 ||    25
